 Dungeon Crawl Stone Soup version 0.18.1-48-g4cf74bf (webtiles) character file.

42 Jerry the Chiller (level 3, 24/24 HPs)
             Began as a Demonspawn Ice Elementalist on June 27, 2016.
             Quit the game on level 1 of the Dungeon.
             The game lasted 00:04:03 (1395 turns).

Jerry the Chiller (Demonspawn Ice Elementalist)     Turns: 1395, Time: 00:04:04

Health: 24/24      AC:  2    Str:  8    XL:     3   Next: 33%
Magic:  6/6        EV: 12    Int: 17    God:
Gold:   103        SH:  0    Dex: 13    Spells: 1 memorised, 5 levels left

rFire  . . .     SeeInvis .     g - +0 hunting sling
rCold  . . .     Gourm    .     a - +0 robe
rNeg   . . .     Faith    .     (no shield)
rPois  .         Spirit   .     (helmet restricted)
rElec  .         Dismiss  .     (no cloak)
rCorr  .         Reflect  .     (no gloves)
SustAt .         Harm     .     (no boots)
MR     .....                    (no amulet)
Stlth  ++........               (no ring)
                                (no ring)

@: not resistant to hostile enchantments, unstealthy
A: antennae 1, claws 1
a: no special abilities


You were on level 1 of the Dungeon.
You were hungry.

You visited 1 branch of the dungeon, and saw 1 of its levels.

You collected 103 gold pieces.

Inventory:

Hand Weapons
 f - a +2 dagger of venom
 g - a +0 hunting sling (weapon)
Missiles
 h - 128 stones (quivered)
Armour
 a - a +0 robe (worn)
Jewellery
 l - an uncursed ring of positive energy {unknown}
 m - a +2 ring of protection {unknown}
Scrolls
 d - 2 scrolls of immolation {unknown}
 j - a scroll of identify {unknown}
 k - a scroll of noise {unknown}
Potions
 e - a potion of flight {unknown}
 i - a potion of invisibility {unknown}
Books
 b - a book of Frost

   Spells                             Type                      Level
   a - Freeze                         Ice                          1
   b - Throw Frost                    Conjuration/Ice              2
   c - Ozocubu's Armour               Charms/Ice                   3
   d - Throw Icicle                   Conjuration/Ice              4
   e - Summon Ice Beast               Ice/Summoning                4
Comestibles
 c - 2 bread rations


   Skills:
 - Level 1.7 Dodging
 - Level 1.7 Stealth
 - Level 2.0 Spellcasting
   Level 1.0 Conjurations
 + Level 4.0 Ice Magic


You had 5 spell levels left.
You knew the following spells:

 Your Spells              Type           Power        Failure   Level  Hunger
a - Freeze                Ice            ###.         3%          1    #......


Dungeon Overview and Level Annotations

Branches:
Dungeon (1/15)

Altars:


Innate Abilities, Weirdness & Mutations

You have a pair of small antennae on your head.
You have sharp fingernails.


Message History

a short sword; a kobold corpse
h - 121 stones (gained 1)
h - 122 stones (gained 1)
h - 123 stones (gained 1)
h - 125 stones (gained 2)
Things that are here:
a short sword; a kobold corpse
h - 127 stones (gained 2)
h - 128 stones (gained 1) All of the chunks of flesh in your inventory have rotted away.
You see here a club.
You see here a kobold skeleton.
You are feeling hungry.
A giant cockroach comes into view.
The giant cockroach moves out of view.
m - a notched bone ring
There is a stone staircase leading down here.
Done exploring.
Done exploring.
Are you sure you want to abandon this character and quit the game? (Confirm with "yes".)

### #.#### #....#
####.##@#
#....##.#### #####
#.#####....#
####### #...# #.#
####.#######......
#...# #.#
#รท##....#.#####
#...# #.#
#.##....#.##...
#...# #.#
#)##....#.##.##
#...# #.#
##.##....#.##.##
#...#####.#
#...#....#.##...


There were no monsters in sight!

Vanquished Creatures
  3 dart slugs (D:1)
  3 giant geckos (D:1)
  A giant cockroach (D:1)
  3 goblins (D:1)
  2 hobgoblins (D:1)
  2 jackals (D:1)
  2 bats (D:1)
  A giant cockroach zombie (D:1)
  A giant gecko zombie (D:1)
  2 giant newts (D:1)
  6 kobolds (D:1)
  6 rats (D:1)
32 creatures vanquished.

Notes
Turn   | Place    | Note
--------------------------------------------------------------
     0 | D:1      | Jerry the Demonspawn Ice Elementalist began the quest for the Orb.
     0 | D:1      | Reached XP level 1. HP: 13/13 MP: 3/3
    91 | D:1      | Reached skill level 3 in Ice Magic
   315 | D:1      | Gained mutation: You have a pair of small antennae on your head. [demonic ancestry]
   315 | D:1      | Reached XP level 2. HP: 18/19 MP: 0/5
  1039 | D:1      | Gained mutation: You have sharp fingernails. [demonic ancestry]
  1039 | D:1      | Reached XP level 3. HP: 23/24 MP: 6/6
  1223 | D:1      | Reached skill level 4 in Ice Magic
  1395 | D:1      | Quit the game

Skill      XL: |  1  2  3 |
---------------+----------+-----
Ice Magic      | 3 4 |  4.0
Dodging        | |  1.7
Stealth        | |  1.7
Spellcasting   | |  2.0
Conjurations   | |  1.0

Action                   || total
-------------------------++-------
Melee: Hand axe          ||    18
       Unarmed           ||     1
       Dagger            ||    19
 Fire: Hunting sling     ||    48
 Cast: Freeze            ||    14
 Stab: Sleeping          ||     3
  Eat: Chunk             ||     1
Armor: Robe              ||    16
Dodge: Dodged            ||    48
